 Dungeon Crawl Stone Soup version 0.29.1-12-g30fa7ad0bf (webtiles) character file.

Game seed: 617616429197075903

431 mortz the Chopper (level 6, -3/62 HPs)
             Began as a Troll Fighter on Dec 22, 2022.
             Shot with an arrow by a centaur (9 damage)
             ... on level 4 of the Dungeon.
             The game lasted 00:16:42 (3702 turns).

mortz the Chopper (Troll Fighter)                   Turns: 3702, Time: 00:16:43

Health: -3/62      AC:  6    Str: 27    XL:     6   Next: 67%
Magic:  5/5        EV: 10    Int:  4    God:
Gold:   246        SH:  0    Dex:  9    Spells: 5/5 levels left

rFire   . . .      SeeInvis .   a - +0 war axe
rCold   . . .      Faith    .   (no shield)
rNeg    . . .      Spirit   .   s - +0 robe
rPois   .          Reflect  .   (helmet restricted)
rElec   .          Harm     .   i - +1 cloak
rCorr   .          Rampage  .   (gloves unavailable)
Will    .....                   (boots unavailable)
Stlth   +.........              (no amulet)
HPRegen 1.00/turn               (no ring)
MPRegen 0.09/turn               (no ring)

@: no status effects
A: large, unfitting armour, claws 3, regeneration 1, shaggy fur 1, tough skin 1
a: no special abilities


You were on level 4 of the Dungeon.
You visited 1 branch of the dungeon, and saw 5 of its levels.

You collected 246 gold pieces.

Inventory:

Hand Weapons
 a - a +0 war axe (weapon)
 b - a +0 arbalest
 n - a +0 scimitar
 t - a +0 hand axe
 u - a +1 whip of holy wrath
 v - a +0 trident
Missiles
 p - 5 boomerangs
Armour
 c - a +0 kite shield
 i - a +1 cloak (worn)
 s - a +0 robe (worn)
Magical Staves
 r - a staff of cold
Wands
 w - a wand of flame (19)
Scrolls
 g - 2 scrolls of teleportation
 h - a scroll of blinking
 k - 2 scrolls of butterflies
Potions
 d - 2 potions of might
 e - a potion of ambrosia {unknown}
 f - a potion of heal wounds {unknown}
 j - a potion of mutation {unknown}
 l - 2 potions of berserk rage
 m - a potion of lignification {unknown}
 o - 3 potions of attraction {unknown}
 q - 2 potions of curing {unknown}


   Skills:
 + Level 3.7 Fighting
 * Level 4.2 Axes
 - Level 2.6 Dodging
 + Level 4.1 Shields


You had 5 spell levels left.
You didn't know any spells.
Your spell library contained the following spells:

 Spells                   Type           Power      Damage    Failure   Level
 Static Discharge         Conj/Air       0%         3-3/arc   65%         2
 Lightning Bolt           Conj/Air       0%         1d11      100%        5
 Maxwell's Capacitive Co  Air            0%         ∞         100%        8


Dungeon Overview and Level Annotations

Branches:
Dungeon (5/15) Zot: 26156
 Temple: D:4-7

Altars:
Qazlal
Sif Muna

Annotations:
D:4 2 transporters, wormed's ghost, amateur GrFi


Innate Abilities, Weirdness & Mutations

You are too large for most types of armour.
You have claws for hands.
Your natural rate of healing is unusually fast.
You are covered in fur. (AC +1)
You have tough skin. (AC +1)


Message History

The centaur shoots an arrow.
The arrow hits you. The iguana barely misses you.
The centaur unwields a +0 shortbow.
The centaur barely misses you. x2
a - a +0 war axe (weapon)
The centaur hits you. The centaur barely misses you.
You hit the centaur.
The centaur is severely wounded.
You slash the iguana! The centaur hits you. The centaur barely misses you.
The iguana barely misses you. The centaur hits you.
You hit the centaur but do no damage.
The centaur is severely wounded.
You hit the iguana but do no damage. The iguana closely misses you.
You hit the centaur.
The centaur is severely wounded.
You hit the iguana.
The centaur hits you. x2; The centaur barely misses you.
You hit the centaur but do no damage.
The centaur is severely wounded.
You barely miss the iguana. The centaur closely misses you.
The centaur hits you. The centaur kicks you. The iguana bites you.
You barely miss the centaur.
The centaur is severely wounded.
You closely miss the iguana. The centaur barely misses you.
The iguana bites you! The centaur hits you.
* * * LOW HITPOINT WARNING * * *
The centaur barely misses you. The iguana bites you!
* * * LOW HITPOINT WARNING * * *
You closely miss the centaur.
The centaur is severely wounded.
You closely miss the iguana. The centaur barely misses you.
The iguana bites you.
* * * LOW HITPOINT WARNING * * *
The centaur hits you.
* * * LOW HITPOINT WARNING * * *
The centaur hits you.
* * * LOW HITPOINT WARNING * * *
You climb upwards.
Level annotation: 2 transporters, wormed's ghost, amateur GrFi
There is a stone staircase leading down here.
The centaur wields a +0 shortbow.
The centaur shoots an arrow.
The arrow hits you!
You die...

#...................##........
####...................'.....#.##
.......................#####.#.#
####...................# #.#'##
#...................# #....>
#...................# #.....
#...................### #.[...
#............l.c....#.# #.....
#............@>.....#.# #.....
############'########.###.....
#..........######.........
########..........#....#.#####.##
.......#..........#....#.........
.......#..........#....#######...
......<#..........#....# #...
.......#..........#....# #...
.......#..........#....# #...


You could see a centaur and an iguana.

Vanquished Creatures
  A black bear (D:4)
  A scorpion (D:4)
  2 orc priests (D:3)
  An iguana (D:4)
  Jessica (D:3)
  An orc wizard (D:4)
  2 adders
  2 worms
  A dart slug (D:2)
  11 orcs
  7 ball pythons
  4 bats
  11 endoplasms
  5 giant cockroaches
  5 goblins
  9 hobgoblins
  3 jackals (D:4)
  2 quokkas
  3 frilled lizards
  10 kobolds
  5 rats
87 creatures vanquished.

Vanquished Creatures (others)
  2 orc wizards (D:4)
  A plant (D:2)
3 creatures vanquished.

Grand Total: 90 creatures vanquished

Notes
Turn   | Place    | Note
-------+----------+-------------------------------------------
     0 | D:1      | mortz the Troll Fighter began the quest for the Orb.
     0 | D:1      | Reached XP level 1. HP: 22/22 MP: 0/0
    93 | D:1      | Reached XP level 2. HP: 29/29 MP: 1/1
   685 | D:2      | Reached XP level 3. HP: 36/36 MP: 2/2
   751 | D:2      | Found a faded altar of an unknown god.
  1628 | D:3      | Reached XP level 4. HP: 43/44 MP: 3/3
  1696 | D:3      | Reached XP level 5. HP: 49/53 MP: 4/4
  1907 | D:3      | Noticed Jessica
  1913 | D:3      | Killed Jessica
  2276 | D:4      | Found a stormy altar of Qazlal.
  2482 | D:4      | Noticed a black bear
  2504 | D:4      | Killed a black bear
  2505 | D:4      | Reached XP level 6. HP: 22/61 MP: 5/5
  2682 | D:4      | Found a transporter.
  2882 | D:4      | Found a shimmering blue altar of Sif Muna.
  3129 | D:4      | Found a transporter.
  3138 | D:4      | Noticed wormed's ghost (amateur GrFi)
  3630 | D:5      | Entered Level 5 of the Dungeon
  3700 | D:5      | HP: 3/62 [centaur (4)]
  3702 | D:4      | Shot with an arrow by a centaur

Illustrated notes

Levels and vault maps discovered:
D:1:      evilmike_arrival_plus, layout_rooms
D:2:      layout_loops_corners, shapermc_ecumenical_altar_mp_ritualfount
D:3:      layout_basic, minmay_misc_feat_columns, uniq_jessica
D:4:      layout_basic, nicolae_qazlal_scattered_showers,
          kennysheep_orc_sif_temple, gammafunk_ghost_stat_death,
          chequers_serial_rivers_room_b
D:5:      layout_basic, serial_shops, nicolae_shop_advertising_works
          [nicolae_subvault_shop_adworks]

Skill      XL: |  1  2  3  4  5  6 |
---------------+-------------------+-----
Axes           | 2 3 4 |  4.2
Shields        | 3 4 |  4.1
Fighting       | 3 |  3.7
Dodging        | |  2.6

Action                   |  1- 3 |  4- 6 || total
-------------------------+-------+-------++-------
Melee: War axe           |   126 |    98 ||   224
       Punch             |       |     1 ||     1
 Fire: Arbalest          |     1 |    51 ||    52
Throw: Stone             |     2 |       ||     2
  Use: Scroll            |     2 |     4 ||     6
 Stab: Sleeping          |     2 |       ||     2
Armor: Robe              |    60 |    73 ||   133
Dodge: Dodged            |    43 |    91 ||   134
Block: Kite shield       |    37 |       ||    37
